 Dungeon Crawl Stone Soup version 0.17-a0-1614-g2062e81 (webtiles) character file.

1922 balthazar the Thaumaturge (level 8, 0/52 HPs)
             Began as a Demonspawn Wizard on Aug 1, 2015.
             Was a Believer of Vehumet.
             Killed from afar by a deep elf conjurer (26 damage)
             ... with a bolt of fire
             ... on level 8 of the Dungeon.
             The game lasted 00:28:07 (7806 turns).

balthazar the Thaumaturge (Demonspawn Wizard)       Turns: 7806, Time: 00:28:09

Health: 0/52       AC: 11    Str:  7 (8)  XL:     8   Next: 96%
Magic:  14/22      EV: 12    Int: 24      God:    Vehumet [**....]
Gold:   185        SH:  0    Dex: 12      Spells: 3 memorised, 22 levels left

rFire  . . .     SeeInvis .     i - +1 dagger (elec)
rCold  + . .     Clarity  .     h - +0 robe {MR+}
rNeg   . . .     SustAt   .     (no shield)
rPois  .         Gourm    .     b - +0 hat
rElec  .         Spirit   .     p - +0 cloak
rCorr  .         Warding  .     (no gloves)
rMut   .         Stasis   .     (no boots)
MR     +....                    (no amulet)
Stlth  ++........               B - +3 ring of intelligence
                                j - +5 ring of protection

@: somewhat resistant to hostile enchantments, unstealthy
A: hooves 1, horns 1, iridescent scales 1, breathe flames 2, cold resistance 1,
deformed body, deterioration 1, powered by pain 1
a: Renounce Religion, Breathe Fire


You were on level 8 of the Dungeon.
You worshipped Vehumet.
Vehumet was pleased with you.
You were very hungry.

You visited 2 branches of the dungeon, and saw 9 of its levels.
You also visited: Ossuary.

You collected 443 gold pieces.
You spent 258 gold pieces at shops.

Inventory:

Hand weapons
 i - a +1 dagger of electrocution (weapon)
 o - a +0 dagger of venom
 N - a +0 dagger of speed
Armour
 b - a +0 hat (worn)
 h - a +0 robe of magic resistance (worn)
 p - a +0 cloak (worn)
Jewellery
 j - a +5 ring of protection (left hand)
 v - a +2 ring of strength
 y - an uncursed ring of ice
 B - a +3 ring of intelligence (right hand)
Magical devices
 a - a wand of teleportation (5)
 E - a wand of slowing (29)
 G - a wand of digging (21)
 H - a wand of slowing (6)
Scrolls
 e - 5 scrolls of immolation
 m - 5 scrolls of identify
 n - 6 scrolls of remove curse
 r - a scroll of enchant armour
 x - a scroll of fear
 z - a scroll of blinking
 C - 4 scrolls of teleportation
 I - a scroll of amnesia
Potions
 g - a potion of might
 k - 2 potions of cure mutation
 q - 6 potions of curing
 s - a potion of berserk rage {unknown}
 u - 2 potions of haste {unknown}
 w - a potion of cancellation {unknown}
 A - 2 potions of brilliance {unknown}
 F - a potion of poison {unknown}
 K - 2 potions of flight
 L - a potion of magic
Books
 c - a book of Minor Magic

   Spells                             Type                      Level
   a - Magic Dart                     Conjuration                  1
   b - Blink                          Translocation                2
   c - Call Imp                       Summoning                    2
   d - Repel Missiles                 Charms/Air                   2
   e - Slow                           Hexes                        2
   f - Conjure Flame                  Conjuration/Fire             3
   g - Mephitic Cloud                 Conjuration/Poison/Air       3
Comestibles
 d - 5 bread rations
 f - 2 meat rations
 l - 5 beef jerkies
 t - a slice of pizza
 D - 2 fruits


   Skills:
 - Level 1.7 Dodging
 - Level 1.7 Stealth
 * Level 10.5 Spellcasting
 + Level 3.8 Conjurations
   Level 1.0 Summonings
 - Level 0.8 Translocations


You had 22 spell levels left.
You knew the following spells:

 Your Spells              Type           Power        Failure   Level  Hunger
a - Magic Dart            Conj           ####         1%          1    None
b - Blink                 Tloc           N/A          8%          2    None
d - Mephitic Cloud        Conj/Pois/Air  ###.....     12%         3    None


Dungeon Overview and Level Annotations

Branches:
Dungeon (8/15)             Temple (1/1) D:4
   Lair: D:8-11

Altars:
Ashenzari
Cheibriados
Dithmenos
Elyvilon
Fedhas
Gozag
Kikubaaqudgha
Makhleb
Nemelex Xobeh
Okawaru
Qazlal
Ru
Sif Muna
Trog
Vehumet
Xom
Yredelemnul
Zin

Shops:
D:5 [*(?=   D:8 }


Innate Abilities, Weirdness & Mutations

You have large cloven feet.
You are partially covered in iridescent scales (AC +4).
Your flesh is cold resistant.
You sometimes gain a little power by taking damage.
You have a pair of small horns on your head.
You can breathe fire.
Armour fits poorly on your strangely shaped body.
Your body sometimes deteriorates upon taking damage.


Message History

The deep elf conjurer hits you but does no damage.
You hit the deep elf conjurer.
The deep elf conjurer is heavily wounded.
You hit the deep elf conjurer but do no damage.
There is a sudden explosion of sparks!
You kick the deep elf conjurer, but do no damage.
The deep elf conjurer is almost dead.
The deep elf conjurer hits you with a short sword.
You barely miss the deep elf conjurer.
The deep elf conjurer is almost dead.
The deep elf conjurer asks, "Who are you?"
The deep elf conjurer closely misses you.
You hit the deep elf conjurer.
Your headbutt misses the deep elf conjurer.
The deep elf conjurer is almost dead.
The deep elf conjurer seems less confused.
The deep elf conjurer points at you and mumbles some strange words.
The bolt of fire hits you!
Ouch! That really hurt!
You die...

##...............................
##....<..........................
......)..........................
........)........................
.......[[...............#####....
##......................# #.###
##..............#####...# ###....
#..####........##...##..# #...##.
#.## ##.......#@#+#.#..###....#.
..# #.......#e# #.#......._...
..# #.......#.###.#†..#.#....#
.## #..#....##...##...#.##...#
.## #........##'##....#....###
..######.................####.#
..............................###
###..............................
# #####..........................


You could see a deep elf conjurer.

Vanquished Creatures
  Menkaure (D:5)
  Duvessa (D:5)
  A sky beast (D:8)
  2 ice beasts
  A black bear (D:6)
  An elf zombie (Ossuary)
  A giant frog (D:5)
  2 scorpions
  Dowan (D:5)
  3 wights (D:8)
  2 centaur zombies (D:6)
  2 crimson imps
  An orc priest (D:5)
  2 jellies (D:5)
  Ijyb (D:2)
  2 giant frog skeletons (D:4)
  7 worker ants
  Jessica (D:2)
  A gnoll shaman (D:4)
  6 orc wizards
  2 big kobold zombies (Ossuary)
  A hound skeleton (D:5)
  3 mummies (Ossuary)
  8 adders
  3 gnolls (D:4)
  A shadow imp (D:6)
  An ooze (D:5)
  An adder zombie (Ossuary)
  A worm (D:5)
  3 giant geckos
  15 orcs
  7 bats
  8 goblins
  10 hobgoblins
  10 jackals
  4 quokkas
  A giant cockroach (D:1)
  2 giant gecko skeletons
  A giant gecko zombie (D:6)
  4 giant newts
  3 goblin zombies
  2 hobgoblin zombies (Ossuary)
  A jackal skeleton (D:4)
  A jackal zombie (D:5)
  10 kobolds
  5 kobold zombies (Ossuary)
  An orc zombie (Ossuary)
  2 quokka zombies
  6 rats
  3 rat zombies (Ossuary)
159 creatures vanquished.

Vanquished Creatures (others)
  A bat (D:2)
  A kobold (D:2)
2 creatures vanquished.

Grand Total: 161 creatures vanquished

Notes
Turn   | Place    | Note
--------------------------------------------------------------
     0 | D:1      | balthazar the Demonspawn Wizard began the quest for the Orb.
     0 | D:1      | Reached XP level 1. HP: 13/13 MP: 4/4
   958 | D:1      | Gained mutation: You are partially covered in iridescent scales (AC +4). [demonic ancestry]
   958 | D:1      | Reached XP level 2. HP: 13/19 MP: 0/6
  1021 | D:1      | Learned a level 2 spell: Blink
  1883 | D:2      | Gained mutation: You sometimes gain a little power by taking damage. [demonic ancestry]
  1883 | D:2      | Reached XP level 3. HP: 24/24 MP: 4/8
  1934 | D:2      | Learned a level 3 spell: Conjure Flame
  1938 | D:2      | Learned a level 3 spell: Mephitic Cloud
  2068 | D:2      | Reached skill level 4 in Spellcasting
  2343 | D:2      | Noticed Jessica
  2350 | D:2      | Killed Jessica
  2350 | D:2      | Reached XP level 4. HP: 30/30 MP: 3/10
  2369 | D:2      | Found a shattered altar of Ashenzari.
  2397 | D:2      | Noticed Ijyb
  2416 | D:2      | Killed Ijyb
  2416 | D:2      | Reached skill level 5 in Spellcasting
  2777 | D:3      | Gained mutation: Your flesh is cold resistant. [demonic ancestry]
  2777 | D:3      | Reached XP level 5. HP: 33/35 MP: 6/12
  2872 | D:3      | Found a radiant altar of Vehumet.
  2892 | D:3      | Became a worshipper of Vehumet
  3228 | D:4      | Reached skill level 6 in Spellcasting
  3320 | D:4      | Reached XP level 6. HP: 37/41 MP: 9/15
  3363 | D:4      | Found a shattered altar of Ashenzari.
  3440 | D:4      | Found a staircase to the Ecumenical Temple.
  3456 | Temple   | Entered the Ecumenical Temple
  3959 | D:5      | Entered Level 5 of the Dungeon
  3974 | D:5      | Noticed Menkaure
  3986 | D:5      | Killed Menkaure
  3986 | D:5      | Reached skill level 7 in Spellcasting
  3986 | D:5      | Reached XP level 7. HP: 8/46 MP: 12/17
  4245 | D:5      | Found Otwit's Magic Scroll Boutique.
  4248 | D:5      | Bought a scroll of blinking for 90 gold pieces
  4339 | D:5      | Noticed Dowan
  4404 | D:5      | Killed Dowan
  4427 | D:5      | Found Foda Nifymall's Assorted Antiques.
  4444 | D:5      | Bought a scroll labeled ETIRISCH UCWIEH for 17 gold pieces
  4444 | D:5      | Bought a fuming inky potion for 15 gold pieces
  4444 | D:5      | Bought a crooked ivory wand for 68 gold pieces
  4444 | D:5      | Bought a fluorescent wand for 68 gold pieces
  4464 | D:5      | Found Eto Naso's Antique Armour Shoppe.
  4484 | D:5      | Found Vaaqun's Antique Weapon Emporium.
  4621 | D:5      | Found Ceon's Jewellery Emporium.
  4672 | D:5      | Noticed Duvessa
  4686 | D:5      | Killed Duvessa
  4686 | D:5      | Reached skill level 8 in Spellcasting
  4796 | D:5      | Found a glowing silver altar of Zin.
  4800 | D:5      | Found a burning altar of Makhleb.
  4809 | D:5      | Found an ancient bone altar of Kikubaaqudgha.
  4950 | D:5      | Acquired Vehumet's first power
  4950 | D:5      | Offered knowledge of Sting by Vehumet.
  5262 | D:6      | Reached skill level 9 in Spellcasting
  5262 | D:6      | Gained mutation: You have large cloven feet. [demonic ancestry]
  5262 | D:6      | Reached XP level 8. HP: 52/52 MP: 6/21
  5325 | D:6      | Found a sand-covered staircase.
  5337 | Ossuary  | Entered an ossuary
  5347 | Ossuary  | Gained mutation: You can breathe flames. [potion of mutation]
  5347 | Ossuary  | Gained mutation: You can breathe fire. [potion of mutation]
  5872 | Ossuary  | Gained mutation: You have a pair of small horns on your head. [potion of mutation]
  5872 | Ossuary  | Gained mutation: Your body sometimes deteriorates upon taking damage. [potion of mutation]
  5872 | Ossuary  | Gained mutation: Armour fits poorly on your strangely shaped body. [potion of mutation]
  5969 | D:6      | Offered knowledge of Throw Flame by Vehumet.
  6916 | D:7      | Reached skill level 10 in Spellcasting
  7002 | D:8      | Found Rodu's Gadget Boutique.
  7700 | D:8      | Found a stormy altar of Qazlal.
  7790 | D:8      | Noticed a deep elf conjurer
  7806 | D:8      | Killed from afar by a deep elf conjurer

Vault maps used:
D:1:      scummos_arrival_hexagon
D:2:      ashenzari_conservatory_becter, roderic_st_hans_cross,
          lemuel_old_faithful, uniq_jessica, uniq_iyjb
D:3:      lemuel_round_altar, hex_medium
D:4:      minmay_temple_entry_crystal_x, first_bread, serial_park_tiny_pond,
          evilmike_ruin_ashenzari
D:5:      minmay_overflow_temple_star_quad, serial_shops, shop,
          nicolae_shop_window_shopping, shop, shop, nicolae_shop_statue_plus,
          uniq_menkaure, uniq_duvessa
D:6:      enter_ossuary_4
D:8:      nicolae_overflow_crystal_walls, serial_shops, shop_fountains,
          the_bakery, kennysheep_just_a_vault
Temple:   circular_temple_12
Ossuary:  ossuary_minmay_chase

Action                   |  1- 3 |  4- 6 |  7- 9 || total
-------------------------+-------+-------+-------++-------
Melee: Club              |    60 |       |       ||    60
       Dagger            |     3 |   116 |   297 ||   416
 Cast: Magic Dart        |   119 |   106 |   234 ||   459
       Mephitic Cloud    |     1 |     1 |    11 ||    13
 Abil: Breathe Fire      |       |       |     6 ||     6
  Use: Scroll            |     4 |     2 |    11 ||    17
       Potion            |     1 |       |     8 ||     9
 Stab: Confused          |       |     1 |     2 ||     3
       Sleeping          |       |     1 |       ||     1
  Eat: Chunk             |     4 |     6 |     7 ||    17
       Meat ration       |       |       |     1 ||     1
